 Dungeon Crawl Stone Soup version 0.31-a0-1074-g0b22e4e0f1 (webtiles) character file.

Game seed: 14218606216752333935

213 wildpjah the Ducker (level 6, -2/46 HPs)
             Began as a Djinni Gladiator on Dec 5, 2023.
             Slain by Crazy Yiuf
             ... wielding a +2 quarterstaff of chaos
              (5 damage)
             ... on level 3 of the Dungeon.
             The game lasted 00:07:11 (2655 turns).

wildpjah the Ducker (Djinni Gladiator)              Turns: 2655, Time: 00:07:12

Health: -2/46      AC: 10    Str: 13    XL:     6   Next: 14%
Gold:   195        EV: 15    Int:  9    God:
                   SH:  8    Dex: 17

rFire   + + .        a - +0 long sword
rCold   x . .        i - +0 kite shield
rNeg    . . .        h - +0 ring mail
rPois   ∞            d - +0 helmet of the Devil {Stlth+}
rElec   .            (no cloak)
rCorr   .            (no gloves)
SInv    .            (boots unavailable)
Will    .....        (no amulet)
Stlth   ++           k - +4 ring of protection
HPRegen 0.27/turn    (no ring)
MPRegen 0.00/turn

%: infuse magic (-3 HP)
@: agile, flying, studying Axes
A: sickness immunity, fire resistance 2, cold vulnerability 1, float, innate
caster, HP casting, extra vitality 1
a: no special abilities


You were on level 3 of the Dungeon.
You visited 1 branch of the dungeon, and saw 3 of its levels.

You collected 195 gold pieces.

Inventory:

Hand Weapons
 a - a +0 long sword (weapon)
Missiles
 u - a javelin
 v - 3 throwing nets (quivered)
Armour
 b - a +0 leather armour
 d - the +0 helmet of the Devil (worn) {Stlth+}
   (You found it on level 2 of the Dungeon)

   Stlth+:    It makes you more stealthy.
 h - a +0 ring mail (worn)
 i - a +0 kite shield (worn)
Jewellery
 k - a +4 ring of protection (left hand)
Wands
 c - a wand of quicksilver (8)
Scrolls
 e - 2 scrolls of poison {unknown}
 f - 4 scrolls of identify {unknown}
 l - a scroll of butterflies {unknown}
 m - 2 scrolls of amnesia {unknown}
 q - a scroll of teleportation {unknown}
 r - a scroll of enchant armour {unknown}
Potions
 g - a potion of cancellation {unknown}
 j - a potion of enlightenment {unknown}
 n - a potion of heal wounds {unknown}
 o - a potion of invisibility {unknown}
 p - 3 potions of curing {unknown}
 s - a potion of magic {unknown}
 t - a potion of attraction {unknown}


   Skills:
 * Level 3.1 Fighting
 + Level 4.1 Long Blades
 + Level 1.7 Throwing
 + Level 1.1 Armour
 * Level 4.3 Dodging
 + Level 0.1 Stealth
 + Level 1.2 Shields


You knew the following spells:

 Your Spells              Type           Power      Damage    Failure   Level
a - Necrotise             Necr           0%         1d4       98%         1
b - Static Discharge      Conj/Air       0%         3-3/arc   99%         2
Your spell library was empty.

Dungeon Overview and Level Annotations

Branches:
Dungeon (3/15)

Altars:

Annotations:
D:3 Crazy Yiuf


Innate Abilities, Weirdness & Mutations

You are immune to sickness and miasma.
You are immune to poison.
Your flesh is very heat resistant. (rF++)
You are vulnerable to cold. (rC-)
You float through the air rather than walking.
You learn spells naturally, not from books.
Your magical power is your life essence.
You have superior vitality. (+4 MHP)


Message History

You see here a +0 club.
v - 3 throwing nets
Things that are here:
a +2 robe; a +0 scythe
Found a war axe.
Search for what [? for help]? armour Unknown command.
Search for what [Enter for "armour", or ? for help]? blade Unknown command.
Things that are here:
a +2 robe; a +0 scythe You see here a +0 dagger.
Things that are here:
a +0 club; a +0 dagger; a +0 sling
There is a stone staircase leading down here.
Found a hammer.
Found a runed translucent door.
Crazy Yiuf shouts!
Unknown command.
Okay, then.
Okay, then.
Unknown command.
Sorry, you're not good enough to have a special ability.
Unknown command.
Unknown command.
Unknown command.
You reach down and open the door.
You closely miss Crazy Yiuf.
Crazy Yiuf hits you with a +2 quarterstaff of chaos! x2
Crazy Yiuf freezes you.
You hit Crazy Yiuf but do no damage.
Crazy Yiuf hits you with a +2 quarterstaff of chaos!
Crazy Yiuf burns you.
* * * LOW HITPOINT WARNING * * *
You closely miss Crazy Yiuf.
Crazy Yiuf hits you with a +2 quarterstaff of chaos!
* * * LOW HITPOINT WARNING * * *
You feel agile all of a sudden.
Crazy Yiuf laughs, "Key rumpyflump hand!"
Crazy Yiuf hits you with a +2 quarterstaff of chaos.
You die...

#.###....# #.#
##..## #.#
♣....♣ #.#
♣...♣♣ #.#
♣♣.♣♣ #.# ♣.♣♣
#.# ♣♣.♣ #.#
♣.♣♣ ## #.#
♣♣@♣ .######
#.# #g#
......# #.#
...
.÷########.#
#...#
...........#
#..)#
.###.#######
##### ##
#.......# #
###.....####
###..........#


You could see Crazy Yiuf.

Vanquished Creatures
  Jessica (D:2)
  Robin (D:3)
  3 adders (D:2)
  2 worms
  4 dart slugs
  4 orcs (D:3)
  3 bats
  6 endoplasms
  3 giant cockroaches
  13 goblins
  6 hobgoblins
  2 jackals (D:2)
  3 quokkas
  3 ball pythons
  4 frilled lizards
  2 kobolds
  14 rats
74 creatures vanquished.

Vanquished Creatures (others)
  Sigmund (D:3)
1 creature vanquished.

Grand Total: 75 creatures vanquished

Notes
Turn   | Place    | Note
-------+----------+-------------------------------------------
     0 | D:1      | wildpjah the Djinni Gladiator began the quest for the Orb.
     0 | D:1      | Reached XP level 1. HP: 18/18 MP: 0/0
   313 | D:1      | Reached XP level 2. HP: 14/23 MP: 0/0
   658 | D:1      | Reached XP level 3. HP: 28/28 MP: 0/0
   658 | D:1      | Learned a level 1 spell: Necrotise
  1177 | D:2      | Reached XP level 4. HP: 25/34 MP: 0/0
  1300 | D:2      | Noticed Jessica
  1312 | D:2      | Killed Jessica
  1405 | D:2      | Identified the +0 helmet of the Devil {Stlth+}
  1446 | D:2      | Reached XP level 5. HP: 39/39 MP: 0/0
  1446 | D:2      | Learned a level 2 spell: Static Discharge
  1927 | D:3      | Reached skill level 1 in Shields
  1935 | D:3      | Noticed Robin
  1952 | D:3      | Killed Robin
  1970 | D:3      | Reached skill level 1 in Armour
  1999 | D:3      | Noticed Sigmund
  2285 | D:3      | Killed Sigmund
  2286 | D:3      | Reached XP level 6. HP: 6/46 MP: 0/0
  2648 | D:3      | Found a runed translucent door.
  2649 | D:3      | Noticed Crazy Yiuf
  2655 | D:3      | Slain by Crazy Yiuf

Illustrated notes

Levels and vault maps discovered:
D:1:      scummos_arrival_star, layout_loops_corners, minmay_rat_gold_closets
D:2:      layout_rooms, serial_bayou_pond_e, st_stairs_13, minmay_pentomino_s2,
          uniq_jessica
D:3:      layout_rooms, uniq_sigmund, uniq_crazy_yiuf_cottage, uniq_robin

Skill      XL: |  1  2  3  4  5 |
---------------+----------------+-----
Long Blades    | 3 4 |  4.1
Dodging        | 4 |  4.3
Shields        | 1 |  1.2
Armour         | 1 |  1.1
Fighting       | 3 |  3.1
Throwing       | |  1.7
Stealth        | |  0.1

Action                     |  1- 3 |  4- 6 || total
---------------------------+-------+-------++-------
  Melee: Long sword        |   105 |   125 ||   230
  Throw: Throwing net      |       |     6 ||     6
         Javelin           |       |     3 ||     3
   Stab: Sleeping          |     1 |       ||     1
 Armour: Leather armour    |     9 |       ||     9
         Ring mail         |    64 |    72 ||   136
  Dodge: Dodged            |    53 |    60 ||   113
  Block: Kite shield       |    36 |    56 ||    92

Table legend: (Time is in decaauts)
 A = Elapsed time spent in this place.
 B = Non-inter-level travel time spent in this place.
 C = Inter-level travel time spent in this place.
 D = Time resting spent in this place.
 E = Time spent auto-exploring this place.
 F = Levels seen in this place.
 G = Mean time per level.
                   A        B        C        D        E       F      G
               +--------+--------+--------+--------+--------+-----+--------+
         Total |   2755 |   2669 |     86 |    196 |   1737 |   3 |  918.3 |
       Dungeon |   2755 |   2669 |     86 |    196 |   1737 |   3 |  918.3 |
               +--------+--------+--------+--------+--------+-----+--------+

Top non-repeatable levels by time:
     D:1: 1151 daAuts
     D:2: 917 daAuts
     D:3: 687 daAuts
